TOP OF THE 1ST |
So Cal Henvy batting - Pitching for Plymouth Rocks : RHP Lorenzo Aguilar
|
Pitching: RHP Lorenzo Aguilar
|
|
Batting: SHB Miguel González
|
0-0: Called Strike 0-1: Ball 1-1: Swinging Strike 1-2: Foul Ball, location: 2F 1-2: Fly out, F8 (Flyball, 8LM)
|
Batting: LHB John Peterson
|
0-0: Ball 1-0: Fly out, F4 (Popup, 4)
|
Batting: RHB Rubén Calderón
|
0-0: Ball 1-0: Foul Ball, location: 2F 1-1: SINGLE (Groundball, 56D)
|
Batting: LHB José Antonio Santiago
|
0-0: Foul Ball, location: 2F 0-1: DOUBLE (Flyball, 89XD) Rubén Calderón to third
|
Batting: RHB Earl Wiggins
|
0-0: Fly out, F8 (Flyball, 8LXD)
|
Top of the 1st over - 0 run(s), 2 hit(s), 0 error(s), 2 left on base; So Cal 0 - Plymouth 0 |
BOTTOM OF THE 1ST |
Plymouth Rocks batting - Pitching for So Cal Henvy : RHP Alejandro Méndez
|
Pitching: RHP Alejandro Méndez
|
|
Batting: RHB Luis Sánchez
|
0-0: Swinging Strike 0-1: Called Strike 0-2: Ball 1-2: Strikes out swinging
|
Batting: LHB Roger Moore
|
0-0: Called Strike 0-1: Ground out 4-3 (Groundball, 34)
|
Batting: LHB Roy Patrick
|
0-0: Called Strike 0-1: Ball 1-1: Ball 2-1: Foul Ball, location: 2F 2-2: Strikes out swinging
|
Bottom of the 1st over - 0 run(s), 0 hit(s), 0 error(s), 0 left on base; So Cal 0 - Plymouth 0 |
TOP OF THE 2ND |
So Cal Henvy batting - Pitching for Plymouth Rocks : RHP Lorenzo Aguilar
|
Batting: SHB Esteban Silva
|
0-0: Called Strike 0-1: Ball 1-1: Ball 2-1: Fly out, F5 (Popup, 15)
|
Batting: RHB Morgan Gibbon
|
0-0: Foul Ball, location: 2F 0-1: SINGLE (Groundball, 3D)
|
Batting: LHB Al Mills
|
0-0: Ball 1-0: Foul Ball, location: 2F 1-1: Fly out, F7 (Line Drive, 7S)
|
Batting: SHB Derek Roach
|
0-0: Fly out, F9 (Flyball, 89XD)
|
Top of the 2nd over - 0 run(s), 1 hit(s), 0 error(s), 1 left on base; So Cal 0 - Plymouth 0 |
BOTTOM OF THE 2ND |
Plymouth Rocks batting - Pitching for So Cal Henvy : RHP Alejandro Méndez
|
Batting: SHB Greg Welch
|
0-0: Ball 1-0: Ball 2-0: SINGLE (Line Drive, 9LM)
|
Batting: LHB Barrett Waters
|
0-0: Foul Ball, location: 2F 0-1: Fly out, F5 (Popup, 5F)
|
Batting: RHB António Gonzáles
|
0-0: Ball Wild Pitch! Greg Welch to second 1-0: Ground out 6-3 (Groundball, 6)
|
Batting: LHB Frank Geddes
|
0-0: Ball 1-0: Foul Ball, location: 2F 1-1: Called Strike 1-2: Foul Ball, location: 2F 1-2: Ground out 6-3 (Groundball, 6)
|
Bottom of the 2nd over - 0 run(s), 1 hit(s), 0 error(s), 1 left on base; So Cal 0 - Plymouth 0 |
TOP OF THE 3RD |
So Cal Henvy batting - Pitching for Plymouth Rocks : RHP Lorenzo Aguilar
|
Batting: SHB Miguel González
|
0-0: Foul Ball, location: 2F 0-1: Swinging Strike 0-2: Ball 1-2: SINGLE (Groundball, 34D)
|
Batting: LHB John Peterson
|
0-0: Ball 1-0: Foul Ball, location: 2F 1-1: Ball 2-1: Ball 3-1: Base on Balls Miguel González to second
|
Batting: RHB Rubén Calderón
|
0-0: SINGLE (Groundball, 56D) Miguel González to third John Peterson to second Runner from 3rd tries for Home, SAFE, no throw or cutoff
|
Batting: LHB José Antonio Santiago
|
0-0: Swinging Strike 0-1: Called Strike 0-2: Ball 1-2: SINGLE (Groundball, 34S) John Peterson to third Rubén Calderón to second Runner from 3rd tries for Home, SAFE, no throw or cutoff
|
Batting: RHB Earl Wiggins
|
0-0: Ball 1-0: Foul Ball, location: 2F 1-1: Ball 2-1: Fly out, F8 (Flyball, 8RM)
|
Batting: SHB Esteban Silva
|
0-0: Called Strike 0-1: Fly out, F3 (Line Drive, 3S) 0-1: Lined into DP, U3 (Line Drive, 3S)
|
Top of the 3rd over - 2 run(s), 3 hit(s), 0 error(s), 1 left on base; So Cal 2 - Plymouth 0 |
BOTTOM OF THE 3RD |
Plymouth Rocks batting - Pitching for So Cal Henvy : RHP Alejandro Méndez
|
Batting: RHB António Zúńiga
|
0-0: Ball 1-0: Swinging Strike 1-1: Ball 2-1: Called Strike 2-2: Strikes out swinging
|
Batting: RHB José Flores
|
0-0: Ground out 5-3 (Groundball, 5S)
|
Batting: RHB Luis Sánchez
|
0-0: Ground out 5-3 (Groundball, 5L)
|
Bottom of the 3rd over - 0 run(s), 0 hit(s), 0 error(s), 0 left on base; So Cal 2 - Plymouth 0 |
TOP OF THE 4TH |
So Cal Henvy batting - Pitching for Plymouth Rocks : RHP Lorenzo Aguilar
|
Batting: RHB Morgan Gibbon
|
0-0: Ball 1-0: Ground out 4-3 (Groundball, 34)
|
Batting: LHB Al Mills
|
0-0: Called Strike 0-1: Ball 1-1: Foul Ball, location: 2F 1-2: Strikes out swinging
|
Batting: SHB Derek Roach
|
0-0: Foul Ball, location: 2F 0-1: Ball 1-1: SINGLE (Line Drive, 34D)
|
Batting: SHB Miguel González
|
0-0: Ball 1-0: Called Strike 1-1: Ball 2-1: Ball 3-1: Base on Balls Derek Roach to second
|
Batting: LHB John Peterson
|
0-0: Ball 1-0: Ground out 4-3 (Groundball, 4)
|
Top of the 4th over - 0 run(s), 1 hit(s), 0 error(s), 2 left on base; So Cal 2 - Plymouth 0 |
BOTTOM OF THE 4TH |
Plymouth Rocks batting - Pitching for So Cal Henvy : RHP Alejandro Méndez
|
Batting: LHB Roger Moore
|
0-0: Called Strike 0-1: Ball 1-1: Fly out, F4 (Popup, 4M)
|
Batting: LHB Roy Patrick
|
0-0: Ball 1-0: Called Strike 1-1: Ball 2-1: Foul Ball, location: 2F 2-2: Strikes out looking
|
Batting: SHB Greg Welch
|
0-0: Ball 1-0: Foul Ball, location: 2F 1-1: SINGLE (Groundball, 4M)
|
Batting: LHB Barrett Waters
|
0-0: Ball Wild Pitch! Greg Welch to second 1-0: Ball 2-0: Ball 3-0: Base on Balls
|
Batting: RHB António Gonzáles
|
0-0: Ball 1-0: Ball 2-0: Called Strike 2-1: Ball 3-1: Foul Ball, location: 2F 3-2: Strikes out looking
|
Bottom of the 4th over - 0 run(s), 1 hit(s), 0 error(s), 2 left on base; So Cal 2 - Plymouth 0 |
TOP OF THE 5TH |
So Cal Henvy batting - Pitching for Plymouth Rocks : RHP Lorenzo Aguilar
|
Batting: RHB Rubén Calderón
|
0-0: Ball 1-0: Ball 2-0: Called Strike 2-1: Called Strike 2-2: Ball 3-2: Ground out 5-3 (Groundball, 56)
|
Batting: LHB José Antonio Santiago
|
0-0: Ball 1-0: Ball 2-0: Ball 3-0: Base on Balls
|
Batting: RHB Earl Wiggins
|
0-0: Called Strike 0-1: Called Strike 0-2: Ball 1-2: Ball 2-2: Foul Ball, location: 2F 2-2: Strikes out swinging
|
Batting: SHB Esteban Silva
|
0-0: Called Strike José Antonio Santiago steals 2nd base 0-1: Foul Ball, location: 2F 0-2: Foul Ball, location: 2F 0-2: 2-RUN HOME RUN (Flyball, 7LD), Distance : 361 ft
|
Batting: RHB Morgan Gibbon
|
0-0: Ground out 6-3 (Groundball, 6)
|
Top of the 5th over - 2 run(s), 1 hit(s), 0 error(s), 0 left on base; So Cal 4 - Plymouth 0 |
BOTTOM OF THE 5TH |
Plymouth Rocks batting - Pitching for So Cal Henvy : RHP Alejandro Méndez
|
Batting: LHB Frank Geddes
|
0-0: Foul Ball, location: 2F 0-1: Ball 1-1: SINGLE (Groundball, 34D)
|
Batting: RHB António Zúńiga
|
0-0: Ball 1-0: Ball 2-0: Ball 3-0: Called Strike 3-1: Base on Balls Frank Geddes to second
|
Batting: RHB José Flores
|
0-0: Ball 1-0: Ball 2-0: Fly out, F9 (Popup, 34D)
|
Batting: RHB Luis Sánchez
|
0-0: Swinging Strike 0-1: Called Strike 0-2: Ball 1-2: Ball 2-2: Strikes out swinging
|
Batting: LHB Roger Moore
|
0-0: Called Strike 0-1: Ground out U3 (Groundball, 3L)
|
Bottom of the 5th over - 0 run(s), 1 hit(s), 0 error(s), 2 left on base; So Cal 4 - Plymouth 0 |
TOP OF THE 6TH |
So Cal Henvy batting - Pitching for Plymouth Rocks : RHP Lorenzo Aguilar
|
Batting: LHB Al Mills
|
0-0: Ball 1-0: Ball 2-0: Ball 3-0: Called Strike 3-1: Base on Balls
|
Batting: SHB Derek Roach
|
0-0: Foul Ball, location: 2F 0-1: Called Strike 0-2: Ball 1-2: Foul Ball, location: 2F 1-2: Ball 2-2: Ball 3-2: Base on Balls Al Mills to second
|
Batting: SHB Miguel González
|
0-0: Ball 1-0: Foul Ball, location: 2F 1-1: Ball 2-1: Ball 3-1: Called Strike 3-2: Foul Ball, location: 2F 3-2: Fly out, F6 (Line Drive, 6) 3-2: Fly out, F6 (Line Drive, 6)
|
Pitching: RHP Jean Burrows
|
|
Batting: LHB John Peterson
|
0-0: Ball 1-0: Ball 2-0: Ball 3-0: Called Strike 3-1: SINGLE (Groundball, 34D) Al Mills to third Derek Roach to second Runner from 3rd tries for Home, SAFE, throw made home
|
Batting: RHB Rubén Calderón
|
0-0: Foul Ball, location: 2F 0-1: Ball 1-1: Called Strike 1-2: Strikes out swinging
|
Batting: LHB José Antonio Santiago
|
0-0: Ball 1-0: Ground out 1-3 (Groundball, 15)
|
Top of the 6th over - 1 run(s), 1 hit(s), 0 error(s), 2 left on base; So Cal 5 - Plymouth 0 |
BOTTOM OF THE 6TH |
Plymouth Rocks batting - Pitching for So Cal Henvy : RHP Alejandro Méndez
|
Batting: LHB Roy Patrick
|
0-0: Called Strike 0-1: Ball 1-1: Ground out 1-3 (Groundball, 23)
|
Batting: SHB Greg Welch
|
0-0: Called Strike 0-1: Ball 1-1: DOUBLE (Flyball, 9D)
|
Batting: LHB Barrett Waters
|
0-0: Called Strike 0-1: Foul Ball, location: 2F 0-2: Ball 1-2: Foul Ball, location: 2F 1-2: 2-RUN HOME RUN (Flyball, 89XD), Distance : 412 ft
|
Batting: RHB António Gonzáles
|
0-0: Foul Ball, location: 2F 0-1: Foul Ball, location: 2F 0-2: Ground out 5-3 (Groundball, 56)
|
Batting: LHB Frank Geddes
|
0-0: Ball 1-0: Called Strike 1-1: Foul Ball, location: 2F 1-2: Strikes out swinging
|
Bottom of the 6th over - 2 run(s), 2 hit(s), 0 error(s), 0 left on base; So Cal 5 - Plymouth 2 |
TOP OF THE 7TH |
So Cal Henvy batting - Pitching for Plymouth Rocks : RHP Jean Burrows
|
Batting: RHB Earl Wiggins
|
0-0: Ball 1-0: Called Strike 1-1: Swinging Strike 1-2: Ball 2-2: Ball 3-2: Strikes out looking
|
Batting: SHB Esteban Silva
|
0-0: Called Strike 0-1: Swinging Strike 0-2: Ball 1-2: Strikes out looking
|
Batting: RHB Morgan Gibbon
|
0-0: Ground out 4-3 (Groundball, 4)
|
Top of the 7th over - 0 run(s), 0 hit(s), 0 error(s), 0 left on base; So Cal 5 - Plymouth 2 |
BOTTOM OF THE 7TH |
Plymouth Rocks batting - Pitching for So Cal Henvy : RHP Alejandro Méndez
|
Batting: RHB António Zúńiga
|
0-0: Ball 1-0: Called Strike 1-1: Swinging Strike 1-2: Strikes out swinging
|
Batting: RHB José Flores
|
0-0: Ball 1-0: Called Strike 1-1: Ball 2-1: DOUBLE (Line Drive, 7LS)
|
Batting: RHB Luis Sánchez
|
0-0: DOUBLE (Line Drive, 78M) José Flores scores
|
Batting: LHB Roger Moore
|
0-0: Swinging Strike 0-1: Ball 1-1: 2-RUN HOME RUN (Flyball, 89XD), Distance : 428 ft
|
Batting: LHB Roy Patrick
|
0-0: Ball 1-0: Ball 2-0: Called Strike 2-1: Ball 3-1: Foul Ball, location: 2F 3-2: Strikes out swinging
|
Batting: SHB Greg Welch
|
0-0: Ball 1-0: Ball 2-0: Foul Ball, location: 2F 2-1: SINGLE (Line Drive, 4D)
|
Batting: LHB Barrett Waters
|
0-0: Foul Ball, location: 2F 0-1: Called Strike 0-2: Strikes out swinging
|
Bottom of the 7th over - 3 run(s), 4 hit(s), 0 error(s), 1 left on base; So Cal 5 - Plymouth 5 |
TOP OF THE 8TH |
So Cal Henvy batting - Pitching for Plymouth Rocks : RHP Jean Burrows
|
Batting: LHB Al Mills
|
0-0: Swinging Strike 0-1: Foul Ball, location: 2F 0-2: Ball 1-2: Ball 2-2: Strikes out looking
|
Pitching: RHP Luis Cortéz
|
|
Batting: SHB Derek Roach
|
0-0: Called Strike 0-1: Ball 1-1: Foul Ball, location: 2F 1-2: Ball 2-2: Ball 3-2: Fly out, F2 (Popup, 2LF)
|
Batting: SHB Miguel González
|
0-0: Ball 1-0: Ball 2-0: Foul Ball, location: 2F 2-1: Ball 3-1: Foul Ball, location: 2F 3-2: Foul Ball, location: 2F 3-2: DOUBLE (Line Drive, 3)
|
Batting: LHB John Peterson
|
0-0: Called Strike 0-1: Ball 1-1: Foul Ball, location: 2F 1-2: Ball 2-2: Ball 3-2: Foul Ball, location: 2F 3-2: Base on Balls
|
Batting: RHB Rubén Calderón
|
0-0: Ball 1-0: Foul Ball, location: 2F 1-1: Ground out 6-3 (Groundball, 6)
|
Top of the 8th over - 0 run(s), 1 hit(s), 0 error(s), 2 left on base; So Cal 5 - Plymouth 5 |
BOTTOM OF THE 8TH |
Plymouth Rocks batting - Pitching for So Cal Henvy : RHP Alejandro Méndez
|
Pitching: RHP Jerry Good
|
|
Batting: RHB António Gonzáles
|
0-0: Ball 1-0: Ground out 6-3 (Groundball, 56)
|
Pitching: LHP Fred Martin
|
|
Pinch Hitting: RHB Juan Valverde
|
0-0: Ball 1-0: Fly out, F8 (Flyball, 8RD)
|
Pitching: RHP Jim Nelson
|
|
Batting: RHB António Zúńiga
|
0-0: Foul Ball, location: 2F 0-1: Ball 1-1: Foul Ball, location: 2F 1-2: Strikes out looking
|
Bottom of the 8th over - 0 run(s), 0 hit(s), 0 error(s), 0 left on base; So Cal 5 - Plymouth 5 |
TOP OF THE 9TH |
So Cal Henvy batting - Pitching for Plymouth Rocks : RHP Luis Cortéz
|
Pitching: RHP Scotty Johnson
|
|
Now at 1B: Júlio Negrón
|
|
Batting: LHB José Antonio Santiago
|
0-0: SINGLE (Groundball, 4MD) (infield hit)
|
Batting: RHB Earl Wiggins
|
0-0: Ball 1-0: Called Strike 1-1: Foul Ball, location: 2F 1-2: Strikes out swinging
|
Batting: SHB Esteban Silva
|
0-0: Ball 1-0: Called Strike 1-1: Foul Ball, location: 2F 1-2: Ball 2-2: Foul Ball, location: 2F 2-2: Fly out, F9 (Flyball, 89XD)
|
Batting: RHB Morgan Gibbon
|
0-0: Ball 1-0: Called Strike 1-1: Ball 2-1: Ground out 4-3 (Groundball, 4)
|
Top of the 9th over - 0 run(s), 1 hit(s), 0 error(s), 1 left on base; So Cal 5 - Plymouth 5 |
BOTTOM OF THE 9TH |
Plymouth Rocks batting - Pitching for So Cal Henvy : RHP Jim Nelson
|
Batting: RHB José Flores
|
0-0: Ball 1-0: Fly out, F8 (Flyball, 8LM)
|
Batting: RHB Luis Sánchez
|
0-0: Ball 1-0: Ground out 5-3 (Groundball, 56)
|
Batting: LHB Roger Moore
|
0-0: Called Strike 0-1: Swinging Strike 0-2: Foul Ball, location: 2F 0-2: Ball 1-2: Ball 2-2: Strikes out swinging
|
Bottom of the 9th over - 0 run(s), 0 hit(s), 0 error(s), 0 left on base; So Cal 5 - Plymouth 5 |
TOP OF THE 10TH |
So Cal Henvy batting - Pitching for Plymouth Rocks : RHP Scotty Johnson
|
Batting: LHB Al Mills
|
0-0: Foul Ball, location: 2F 0-1: Ball 1-1: Called Strike 1-2: Ball 2-2: Foul Ball, location: 2F 2-2: Ground out U3 (Groundball, 3)
|
Batting: SHB Derek Roach
|
0-0: Ball 1-0: Called Strike 1-1: Ball 2-1: Foul Ball, location: 2F 2-2: Foul Ball, location: 2F 2-2: Ball 3-2: Foul Ball, location: 2F 3-2: Foul Ball, location: 2F 3-2: SINGLE (Groundball, 13S) (infield hit)
|
Batting: SHB Miguel González
|
0-0: Ball 1-0: Fly out, F7 (Flyball, 78M)
|
Batting: LHB John Peterson
|
0-0: Ball 1-0: DOUBLE (Groundball, 3L) Derek Roach to third Runner from 3rd tries for Home, throw and OUT!
|
Top of the 10th over - 0 run(s), 2 hit(s), 0 error(s), 1 left on base; So Cal 5 - Plymouth 5 |
BOTTOM OF THE 10TH |
Plymouth Rocks batting - Pitching for So Cal Henvy : RHP Jim Nelson
|
Batting: LHB Roy Patrick
|
0-0: Ball 1-0: Foul Ball, location: 2F 1-1: Foul Ball, location: 2F 1-2: Ball 2-2: Foul Ball, location: 2F 2-2: SOLO HOME RUN (Flyball, 9D), Distance : 374 ft
|
Monday, December 5th, 2016 - OOTP Baseball 17.12 Build 75
|
|